Workbook
Name Equip.comuns.armados: [1]Equipamentos!$N$27
Name Equip.comuns.todos: [1]Equipamentos!$N$15
Name mat.usocomum: '[2]Mat Uso Comum '!$G$10
Name UNIF.agenteseg: [1]Uniformes!#REF!
Name UNIF.armado: [1]Uniformes!$H$14
Name UNIF.bomb.brigadista: [1]Uniformes!#REF!
Name UNIF.desarmado: [1]Uniformes!$H$26
Name UNIF.supervisor: [1]Uniformes!#REF!

Sheet TOTAL DO CONTRATO
B2: QUADRO-RESUMO
B3: CONTRATO DE PRESTAÇÃO DE SERVIÇO
B5: TRANSPORTE ESCOLAR
B6: Secretaria Municipal de Educação e Cultura
B7: SÃO MATEUS DO SUL - PR
B9: Lote 5: Faxinal dos Ilhéus, Espigãozinho, Água Branca...
B11: Tipo de Serviço | D11: Valor/KM | E11: KM/Dia | F11: Dias Letivos | G11: Total do serviço
B12: I | C12: MOTORISTA | D12: =ROUND(MOTORISTA!C118,2) -> 2.3 | E12: 118.5 | F12: 200 | G12: =SUM(D12*E12*F12) -> 54510
B13: II | C13: A. Motorista - MONITOR | D13: =ROUND(Monitor!C118,2) -> 4.32 | E13: =E12 -> 118.5 | F13: =F12 -> 200 | G13: =SUM(D13*E13*F13) -> 102384
B14: III | C14: MANUTENÇÃO DO VEICULO | D14: =ROUND('CUSTO MANUT. VEICULO'!F34,2) -> 2.7 | E14: =E12 -> 118.5 | F14: =F12 -> 200 | G14: =SUM(D14*E14*F14) -> 63990
B16: VALOR ESTIMADO | D16: =SUM(D12:D14) -> 9.32 | E16: =E14 -> 118.5 | F16: =F12 -> 200 | G16: =SUM(G12:G14) -> 220884
B18: VALOR MENSAL A FATURAR ESTIMADO | G18: =SUM(G16/11) -> 20080.364
B20: DATA DA CONCLUSÃO DA FORMAÇÃO DE PREÇO | G20: 23/04/2024

Sheet MOTORISTA
A2: PLANILHA DE CUSTOS E FORMAÇÃO DE PREÇOS
A3: Nº Processo:
A4: SALÁRIOS E ENCARGOS
A5: CALCULO DE CUSTO DO KM RODADO - TRANSPORTE
A7: Discriminação dos Serviços
A9: A - Data da apresentação da proposta (dia/mês/ano)
A10: B - Município/UF | B10: São Mateus do Sul - PR
A11: C - Ano do Acordo, Convenção ou Dissídio Coletivo | B11: FETROPAR/Sinfretiba - 23/25
A12: D - Tipo de Serviço | B12: Van
A13: E - Número de dias de execução contratual | B13: 200
A15: IMPORTANTE: Para efeito de elaboração da planilha de custos os dados abaixo deverão ser informados/cotados os valores unitários por empregado (não para o posto!!!)
A18: MÓDULO 1: COMPOSIÇÃO DA REMUNERAÇÃO
A19: 1 - COMPOSIÇÃO DA REMUNERAÇÃO
A20: A - Salário base - ( a partir de 01/05/24) | C20: 2017.58
A21: B - Adicional noturno
A22: TOTAL DA REMUNERAÇÃO : | C22: =SUM(C20:C21) -> 2017.58
A24: MÓDULO 2: Encargos e Benefícios Anuais, Mensais e Diários
A25: 2.1 - Contingenciamento - Resolução 169/2013 CNJ
A26: A - 13º salário | B26: 0.0909 | C26: =$C$22*B26 -> 183.39802
A27: B- Férias | B27: 0.0909 | C27: =$C$22*B27 -> 183.39802
A28: C - Adicional de férias | B28: 0.0303 | C28: =$C$22*B28 -> 61.132674
A29: Subtotal | B29: =SUM(B26:B28) -> 0.2121 | C29: =SUM(C26:C28) -> 427.92872
A30: D - Incidência do módulo 4 sobre 13º Salário e Férias | B30: =+B29*B43 -> 0.0780528 | C30: =$C$22*B30 -> 157.47777
A31: E - Multa do FGTS por dispensa sem justa causa | B31: 0.0347 | C31: =$C$22*B31 -> 70.010026
A32: TOTAL | B32: =B30+B29+B31 -> 0.3248528 | C32: =C30+C29+C31 -> 655.41651
A34: 2.2 - Encargos Previdenciários (GPS), Fundo de Garantia por Tempo de Serviço (FGTS) e outras contribuições. | B34: % | C34: Valor (R$)
A35: A - INSS | B35: 0.2 | C35: =$C$22*B35 -> 403.516
A36: B - Salário Educação | B36: 0.025 | C36: =$C$22*B36 -> 50.4395
A37: C - RAT Ajustado | B37: 0.03 | C37: =$C$22*B37 -> 60.5274
A38: D - SESC ou SESI | B38: 0.015 | C38: =$C$22*B38 -> 30.2637
A39: E - SENAI - SENAC | B39: 0.01 | C39: =$C$22*B39 -> 20.1758
A40: F - SEBRAE | B40: 0.006 | C40: =$C$22*B40 -> 12.10548
A41: G - INCRA | B41: 0.002 | C41: =$C$22*B41 -> 4.03516
A42: H - FGTS | B42: 0.08 | C42: =$C$22*B42 -> 161.4064
A43: TOTAL | B43: =SUM(B35:B42) -> 0.368 | C43: =SUM(C35:C42) -> 742.46944
A45: 2.3 - Benefícios Mensais e Diários
A46: A - Transporte | B46: 2.75 | C46: =(B46*22*2)-C20*0.06 -> -0.0548
A47: B - Auxílio-Refeição/Alimentação | B47: 620 | C47: =+B47*(1-10%) -> 558
A48: B1 - Auxílio Alimentação - Férias | B48: 620 | C48: =+B48/12*(1-10%) -> 46.5
A49: C - Assistência médica e familiar | C49: 0
A50: D - Auxilio Creche | C50: 315.21
A51: E - Fundo Assistencial, C. Assistencial (2%) - Sindicato | B51: =SUM(C20*2%) -> 40.3516 | C51: =-B51 -> -40.3516
A52: E - Outros: Auxilio Funeral (3 Salários Minimos) | B52: 3636 | C52: =SUM(B52/12) -> 303
A53: TOTAL | C53: =SUM(C46:C52) -> 1182.3036
A55: Quadro-Resumo do Módulo 2 | C55: Valor (R$)
A56: 2.1 - Contingenciamento - Resolução 169/2013 CNJ | C56: =+C32 -> 655.41651
A57: 2.2 - GPS, FGTS e outras contribuições | C57: =+C43 -> 742.46944
A58: 2.3 - Benefícios Mensais e Diários | C58: =+C53 -> 1182.3036
A59: TOTAL | C59: =SUM(C56:C58) -> 2580.1896
A61: MÓDULO 3: Provisão para Rescisão
A62: 3 - Provisão para rescisão | B62: % | C62: Valor (R$)
A63: A - Aviso prévio indenizado | B63: =(((1+1/12*1+(1/12*1+1/3*1/12*1))*0.05)/12)+(((1/30*3)*1)*0.95)/12 -> 0.012893519 | C63: =$C$22*B63 -> 26.013705
A64: B - Incidência do FGTS sobre o aviso prévio indenizado | B64: =0.08*B63 -> 0.0010314815 | C64: =$C$22*B64 -> 2.0810964
A65: C - Multa do FGTS do aviso prévio indenizado | B65: =0.08*0.4*B63 -> 0.00041259259 | C65: =$C$22*B65 -> 0.83243856
A66: D - Aviso prévio trabalhado | B66: =((7/30)/12) -> 0.019444444 | C66: =($C$22+C49+C50)*B66 -> 45.359806
A67: E - Incidência do submódulo 2.2 sobre aviso prévio trabalhado | B67: =+B66*B43 -> 0.0071555556 | C67: =$C$22*B67 -> 14.436906
A68: F - Multa do FGTS sobre o aviso prévio trabalhado | B68: =0.08*0.4*B66 -> 0.00062222222 | C68: =+B68*C22 -> 1.2553831
A69: TOTAL | B69: =SUM(B63:B67) -> 0.040937593 | C69: =SUM(C63:C68) -> 89.979335
A71: MÓDULO 4: Custo de Reposição do Profissional Ausente | C71: =+C22+C29+C43+C49+C69+C76+C82 -> 3343.5186
A72: 4 - Custo de Reposição do Profissional Ausente
A73: A - Substituto na cobertura de Ausências Legais | B73: =(5/30)/12 -> 0.013888889 | C73: =+B73*C71 -> 46.437758
A74: B - Substituto na cobertura de Licença-Paternidade | B74: =((5/30)/12)*0.015 -> 0.00020833333 | C74: =+B74*C71 -> 0.69656637
A75: C -Substituto na cobertura de Ausência por acidente de trabalho | B75: =(15/30)/12*0.0078 -> 0.000325 | C75: =+B75*C71 -> 1.0866435
A76: D - Substituto na cobertura de Afastamento Maternidade | B76: =((1+0.333333333333333)*3.95/12*0.02)/12 -> 0.00073148148 | C76: =B76*C22+((C49)*3.95*0.02)/12+(((3.95*C22+3.95/12*C22)*B43+(0)*0.08)*0.02)/12 -> 6.7710732
A77: E - Substituto na cobertura de Outras ausências (especificar) | C77: =+B77*$C$22 -> 0
A78: TOTAL | C78: =SUM(C73:C77) -> 54.992041
A80: MÓDULO 5: Insumos Diversos
A81: 5 - INSUMOS DIVERSOS | C81: Valor (R$)
A82: A - Uniformes | C82: =Uniformes!G10 -> 58.79
A83: C - Outros (especificar) | C83: 0
A84: TOTAL | C84: =SUM(C82:C83) -> 58.79
A86: MÓDULO 6: Custos Indiretos, Tributos, Lucros e BDI
A87: 6 - Custos indiretos, tributos e lucro | B87: % | C87: Valor (R$)
A88: BASE DE CÁLCULO DOS CUSTOS INDIRETOS/DESPESAS OPERACIONAIS/ADMINISTRATIVAS (Módulo 1 + Módulo 2+ Módulo 3 + Módulo 4 + Módulo 5) | C88: =+C84+C78+C69+C59+C22 -> 4801.5309
A90: A - Custos indiretos | B90: 0.05 | C90: =C88*B90 -> 240.07655
A91: BASE DE CÁLCULO DO LUCRO = ((Módulo 1 + Módulo 2+ Módulo 3 + Módulo 4 + Módulo 5 + Custos Indiretos) | C91: =C88+C90 -> 5041.6075
A93: B - Lucro | B93: 0.1 | C93: =C91*B93 -> 504.16075
A94: C - Tributos
A95: BASE DE CÁLCULO DOS TRIBUTOS | C95: =+C93+C90+C88 -> 5545.7682
A96: CÁLCULO DOS TRIBUTOS = Base de Cálculo dos Tributos / (1-(Total de Tributos em % dividido por 100)] x Alíquota do tributo
A97: C1. Tributos Federais
A98: COFINS | B98: 0.03 | C98: =(C95)*B98/(1-(B101)) -> 180.1549
A99: PIS | B99: 0.0065 | C99: =(C95)*B99/(1-(B101)) -> 39.033561
A100: C2. Tributos Municipais - ISS | B100: 0.04 | C100: =(C95)*B100/(1-(B101)) -> 240.20653
A101: SUBTOTAL Tributos | B101: =SUM(B98:B100) -> 0.0765 | C101: =SUM(C98:C100) -> 459.39499
A103: TOTAL | C103: =C90+C93+C101 -> 1203.6323
A105: QUADRO-RESUMO DO CUSTO POR EMPREGADO
A107: Mão-de-obra vinculada à execução contratual (Valor por empregado) | C107: (R$)
A108: A - Módulo 1 - Composição da Remuneração | C108: =C22 -> 2017.58
A109: B - Módulo 2 - Encargos e Benefícios Anuais, Mensais e Diários | C109: =+C59 -> 2580.1896
A110: C - Módulo 3 - Provisão para Rescisão | C110: =+C69 -> 89.979335
A111: D - Módulo 4 - Custo de Reposição do Profissional Ausente | C111: =+C78 -> 54.992041
A112: E - Módulo 5 - Insumos Diversos | C112: =+C84 -> 58.79
A113: Subtotal (A+B+C+D+E) | C113: =SUM(C108:C112) -> 4801.5309
A114: F - Módulo 6 - Custos indiretos, tributos e lucro | C114: =C103 -> 1203.6323
A115: VALOR TOTAL POR EMPREGADO | C115: =TRUNC(C113+C114,2) -> 6005.16
A117: Motorista | B117: 1 | C117: =SUM(C115*B117) -> 6005.16
A118: ADEQUAÇÃO KM RODADO | B118: R$/KM | C118: =SUM(C117/'CUSTO MANUT. VEICULO'!C7) -> 2.3034753
C119: =SUM(C117/22/'TOTAL DO CONTRATO'!E12) -> 2.3034753

Sheet Monitor
A2: PLANILHA DE CUSTOS E FORMAÇÃO DE PREÇOS
A3: Nº Processo:
A4: PREGÃO N° ____________
A5: CALCULO DE CUSTO DO KM RODADO - TRANSPORTE
A7: Discriminação dos Serviços
A9: A - Data da apresentação da proposta (dia/mês/ano)
A10: B - Município/UF | B10: São Mateus do Sul - PR
A11: C - Ano do Acordo, Convenção ou Dissídio Coletivo | B11: FETROPAR/Sinfretiba - 23/25
A12: D - Tipo de Serviço | B12: Assistente Transporte - MONITOR
A13: E - Número de dias de execução contratual | B13: 200
A15: IMPORTANTE: Para efeito de elaboração da planilha de custos os dados abaixo deverão ser informados/cotados os valores unitários por empregado (não para o posto!!!)
A18: MÓDULO 1: COMPOSIÇÃO DA REMUNERAÇÃO
A19: 1 - COMPOSIÇÃO DA REMUNERAÇÃO
A20: A - Salário base - ( a partir de 01/05/24) | C20: 1907.44
A21: B - Adicional Noturno
A22: TOTAL DA REMUNERAÇÃO : | C22: =SUM(C20:C21) -> 1907.44
A24: MÓDULO 2: Encargos e Benefícios Anuais, Mensais e Diários
A25: 2.1 - Contingenciamento - Resolução 169/2013 CNJ
A26: A - 13º salário | B26: 0.0909 | C26: =$C$22*B26 -> 173.3863
A27: B- Férias | B27: 0.0909 | C27: =$C$22*B27 -> 173.3863
A28: C - Adicional de férias | B28: 0.0303 | C28: =$C$22*B28 -> 57.795432
A29: Subtotal | B29: =SUM(B26:B28) -> 0.2121 | C29: =SUM(C26:C28) -> 404.56802
A30: D - Incidência do módulo 4 sobre 13º Salário e Férias | B30: =+B29*B43 -> 0.0780528 | C30: =$C$22*B30 -> 148.88103
A31: E - Multa do FGTS por dispensa sem justa causa | B31: 0.0347 | C31: =$C$22*B31 -> 66.188168
A32: TOTAL | B32: =B30+B29+B31 -> 0.3248528 | C32: =C30+C29+C31 -> 619.63722
A34: 2.2 - Encargos Previdenciários (GPS), Fundo de Garantia por Tempo de Serviço (FGTS) e outras contribuições. | B34: % | C34: Valor (R$)
A35: A - INSS | B35: 0.2 | C35: =$C$22*B35 -> 381.488
A36: B - Salário Educação | B36: 0.025 | C36: =$C$22*B36 -> 47.686
A37: C - RAT Ajustado | B37: 0.03 | C37: =$C$22*B37 -> 57.2232
A38: D - SESC ou SESI | B38: 0.015 | C38: =$C$22*B38 -> 28.6116
A39: E - SENAI - SENAC | B39: 0.01 | C39: =$C$22*B39 -> 19.0744
A40: F - SEBRAE | B40: 0.006 | C40: =$C$22*B40 -> 11.44464
A41: G - INCRA | B41: 0.002 | C41: =$C$22*B41 -> 3.81488
A42: H - FGTS | B42: 0.08 | C42: =$C$22*B42 -> 152.5952
A43: TOTAL | B43: =SUM(B35:B42) -> 0.368 | C43: =SUM(C35:C42) -> 701.93792
A45: 2.3 - Benefícios Mensais e Diários
A46: A - Transporte | B46: 2.75 | C46: =(B46*22*2)-C20*0.06 -> 6.5536
A47: B - Auxílio-Refeição/Alimentação | B47: 478 | C47: =+B47*(1-10%) -> 430.2
A48: B1 - Auxílio Alimentação - Férias | B48: 478 | C48: =+B48/12*(1-10%) -> 35.85
A49: C - Assistência médica e familiar | C49: 0
A50: D - Auxilio Creche | C50: 339.16
A51: E - Fundo Assistencial, C. Assistencial (2%) - Sindicato | B51: =SUM(C20*2%) -> 38.1488 | C51: =-B51 -> -38.1488
A52: E - Outros: Auxilio Funeral (3 Salários Minimos) | B52: 3636 | C52: =SUM(B52/12) -> 303
A53: TOTAL | C53: =SUM(C46:C52) -> 1076.6148
A55: Quadro-Resumo do Módulo 2 | C55: Valor (R$)
A56: 2.1 - Contingenciamento - Resolução 169/2013 CNJ | C56: =+C32 -> 619.63722
A57: 2.2 - GPS, FGTS e outras contribuições | C57: =+C43 -> 701.93792
A58: 2.3 - Benefícios Mensais e Diários | C58: =+C53 -> 1076.6148
A59: TOTAL | C59: =SUM(C56:C58) -> 2398.1899
A61: MÓDULO 3: Provisão para Rescisão
A62: 3 - Provisão para rescisão | B62: % | C62: Valor (R$)
A63: A - Aviso prévio indenizado | B63: =(((1+1/12*1+(1/12*1+1/3*1/12*1))*0.05)/12)+(((1/30*3)*1)*0.95)/12 -> 0.012893519 | C63: =$C$22*B63 -> 24.593613
A64: B - Incidência do FGTS sobre o aviso prévio indenizado | B64: =0.08*B63 -> 0.0010314815 | C64: =$C$22*B64 -> 1.967489
A65: C - Multa do FGTS do aviso prévio indenizado | B65: =0.08*0.4*B63 -> 0.00041259259 | C65: =$C$22*B65 -> 0.78699561
A66: D - Aviso prévio trabalhado | B66: =((7/30)/12) -> 0.019444444 | C66: =($C$22+C49+C50)*B66 -> 43.683889
A67: E - Incidência do submódulo 2.2 sobre aviso prévio trabalhado | B67: =+B66*B43 -> 0.0071555556 | C67: =$C$22*B67 -> 13.648793
A68: F - Multa do FGTS sobre o aviso prévio trabalhado | B68: =0.08*0.4*B66 -> 0.00062222222 | C68: =+B68*C22 -> 1.1868516
A69: TOTAL | B69: =SUM(B63:B67) -> 0.040937593 | C69: =SUM(C63:C68) -> 85.867631
A71: MÓDULO 4: Custo de Reposição do Profissional Ausente | C71: =+C22+C29+C43+C49+C69+C76+C82 -> 3165.005
A72: 4 - Custo de Reposição do Profissional Ausente
A73: A - Substituto na cobertura de Ausências Legais | B73: =(5/30)/12 -> 0.013888889 | C73: =+B73*C71 -> 43.958403
A74: B - Substituto na cobertura de Licença-Paternidade | B74: =((5/30)/12)*0.015 -> 0.00020833333 | C74: =+B74*C71 -> 0.65937604
A75: C -Substituto na cobertura de Ausência por acidente de trabalho | B75: =(15/30)/12*0.0078 -> 0.000325 | C75: =+B75*C71 -> 1.0286266
A76: D - Substituto na cobertura de Afastamento Maternidade | B76: =((1+0.333333333333333)*3.95/12*0.02)/12 -> 0.00073148148 | C76: =B76*C22+((C49)*3.95*0.02)/12+(((3.95*C22+3.95/12*C22)*B43+(0)*0.08)*0.02)/12 -> 6.4014393
A77: E - Substituto na cobertura de Outras ausências (especificar) | C77: =+B77*$C$22 -> 0
A78: TOTAL | C78: =SUM(C73:C77) -> 52.047845
A80: MÓDULO 5: Insumos Diversos
A81: 5 - INSUMOS DIVERSOS | C81: Valor (R$)
A82: A - Uniformes | C82: =Uniformes!G10 -> 58.79
A83: C - Outros (especificar) | C83: 0
A84: TOTAL | C84: =SUM(C82:C83) -> 58.79
A86: MÓDULO 6: Custos Indiretos, Tributos e Lucros - BDI
A87: 6 - Custos indiretos, tributos e lucro | B87: % | C87: Valor (R$)
A88: BASE DE CÁLCULO DOS CUSTOS INDIRETOS/DESPESAS OPERACIONAIS/ADMINISTRATIVAS (Módulo 1 + Módulo 2+ Módulo 3 + Módulo 4 + Módulo 5) | C88: =+C84+C78+C69+C59+C22 -> 4502.3354
A90: A - Custos indiretos | B90: 0.05 | C90: =C88*B90 -> 225.11677
A91: BASE DE CÁLCULO DO LUCRO = ((Módulo 1 + Módulo 2+ Módulo 3 + Módulo 4 + Módulo 5 + Custos Indiretos) | C91: =C88+C90 -> 4727.4522
A93: B - Lucro | B93: 0.1 | C93: =C91*B93 -> 472.74522
A94: C - Tributos
A95: BASE DE CÁLCULO DOS TRIBUTOS | C95: =+C93+C90+C88 -> 5200.1974
A96: CÁLCULO DOS TRIBUTOS = Base de Cálculo dos Tributos / (1-(Total de Tributos em % dividido por 100)] x Alíquota do tributo
A97: C1. Tributos Federais
A98: COFINS | B98: 0.03 | C98: =(C95)*B98/(1-(B101)) -> 168.92899
A99: PIS | B99: 0.0065 | C99: =(C95)*B99/(1-(B101)) -> 36.601281
A100: C2. Tributos Municipais - ISS | B100: 0.04 | C100: =(C95)*B100/(1-(B101)) -> 225.23865
A101: SUBTOTAL Tributos | B101: =SUM(B98:B100) -> 0.0765 | C101: =SUM(C98:C100) -> 430.76892
A103: TOTAL | C103: =C90+C93+C101 -> 1128.6309
A105: QUADRO-RESUMO DO CUSTO POR EMPREGADO
A107: Mão-de-obra vinculada à execução contratual (Valor por empregado) | C107: (R$)
A108: A - Módulo 1 - Composição da Remuneração | C108: =C22 -> 1907.44
A109: B - Módulo 2 - Encargos e Benefícios Anuais, Mensais e Diários | C109: =+C59 -> 2398.1899
A110: C - Módulo 3 - Provisão para Rescisão | C110: =+C69 -> 85.867631
A111: D - Módulo 4 - Custo de Reposição do Profissional Ausente | C111: =+C78 -> 52.047845
A112: E - Módulo 5 - Insumos Diversos | C112: =+C84 -> 58.79
A113: Subtotal (A+B+C+D+E) | C113: =SUM(C108:C112) -> 4502.3354
A114: F - Módulo 6 - Custos indiretos, tributos e lucro | C114: =C103 -> 1128.6309
A115: VALOR TOTAL POR EMPREGADO | C115: =TRUNC(C113+C114,2) -> 5630.96
A117: Qtde. de Monitor | B117: 2 | C117: =SUM(C115*B117) -> 11261.92
A118: ADEQUAÇÃO KM RODADO | B118: R$/KM | C118: =SUM(C117/'CUSTO MANUT. VEICULO'!C7) -> 4.3198773
C119: =SUM(C117/22/'TOTAL DO CONTRATO'!E12) -> 4.3198773

Sheet CUSTO MANUT. VEICULO
B2: CUSTO DE MANUTENÇÃO DE VEICULOS
B4: ='TOTAL DO CONTRATO'!B9:G9 -> Lote 5: Faxinal dos Ilhéus, Espigãozinho, Água Branca...
B6: KM/DIA | C6: ='TOTAL DO CONTRATO'!E16 -> 118.5 | D6: KM TOTAL CONTRATO: | G6: =SUM('TOTAL DO CONTRATO'!E12*'TOTAL DO CONTRATO'!F12) -> 23700
B7: KM/Mês | C7: =SUM(C6*22) -> 2607 | D7: VAN | G7: 1
B9: DESCRIÇÃO | D9: UNIT | E9: MÉDIA KM | F9: CUSTO/KM | G9: CUSTO DIA R$
B10: Óleo diesel | D10: 5.95 | E10: 6 | F10: =SUM(D10/E10) -> 0.99166667 | G10: =SUM(F10*$C$6) -> 117.5125
B11: Óleo lubrificante | D11: 504.41 | E11: 10000 | F11: =SUM(D11/E11) -> 0.050441 | G11: =SUM(F11*$C$6) -> 5.9772585
B12: Pneus de rodagem | D12: =SUM(5*526.32) -> 2631.6 | E12: 40000 | F12: =SUM(D12/E12) -> 0.06579 | G12: =SUM(F12*$C$6) -> 7.796115
B13: Manutenção do veículo | D13: =(129442*10%)/12 -> 1078.6833 | E13: =C$7 -> 2607 | F13: =SUM(D13/E13) -> 0.41376422 | G13: =SUM(F13*$C$6) -> 49.031061
B14: Depreciação do veículo | D14: =SUM((129442-25888.4)*10%)/12 -> 862.94667 | E14: =C$7 -> 2607 | F14: =SUM(D14/E14) -> 0.33101138 | G14: =SUM(F14*$C$6) -> 39.224848
B15: Limpeza e higienização | D15: =150*4 -> 600 | E15: =C$7 -> 2607 | F15: =SUM(D15/E15) -> 0.2301496 | G15: =SUM(F15*$C$6) -> 27.272727
B16: Contribuição assistência patronal | D16: =(42*1)/12 -> 3.5 | E16: =C$7 -> 2607 | F16: =SUM(D16/E16) -> 0.0013425393 | G16: =SUM(F16*$C$6) -> 0.15909091
B17: Garagem | D17: 0 | E17: =C$7 -> 2607 | F17: =SUM(D17/E17) -> 0 | G17: =SUM(F17*$C$6) -> 0
B18: IPVA | D18: =SUM(129442*1%)/12 -> 107.86833 | E18: =C$7 -> 2607 | F18: =SUM(D18/E18) -> 0.041376422 | G18: =SUM(F18*$C$6) -> 4.9031061
B19: Seguro Civil | D19: =700/12 -> 58.333333 | E19: =C$7 -> 2607 | F19: =SUM(D19/E19) -> 0.022375655 | G19: =SUM(F19*$C$6) -> 2.6515152
B20: Laudos Detran/Inmetro | D20: =200/12 -> 16.666667 | E20: =C$7 -> 2607 | F20: =SUM(D20/E20) -> 0.0063930444 | G20: =SUM(F20*$C$6) -> 0.75757576
B21: DPVAT | D21: =90/12 -> 7.5 | E21: =C$7 -> 2607 | F21: =SUM(D21/E21) -> 0.00287687 | G21: =SUM(F21*$C$6) -> 0.34090909
B22: Sistema monitoramento - GPS | D22: 100 | E22: =C$7 -> 2607 | F22: =SUM(D22/E22) -> 0.038358266 | G22: =SUM(F22*$C$6) -> 4.5454545
B23: Taxa de vistoria GRD Transporte Escolar | D23: 160 | E23: =C$7 -> 2607 | F23: =SUM(D23/E23) -> 0.061373226 | G23: =SUM(F23*$C$6) -> 7.2727273
B24: Emplacamento | D24: 320.87 | E24: =C$7 -> 2607 | F24: =SUM(D24/E24) -> 0.12308017 | G24: =SUM(F24*$C$6) -> 14.585
B26: CUSTO ESTIMADO VEÍCULO | F26: =SUM(F10:F24) -> 2.3799991 | G26: =SUM(G10:G24) -> 282.02989
B28: Lucro/Custos Indiretos - BDI | E28: 0.05
B29: ISS | E29: 0.04
B30: TRIBUTOS (PIS/COFINS) | E30: =3%+0.65% -> 0.0365
B32: CUSTO ESTIMADO (Lucro + Impostos) | E32: =((1+E29)*(1+E28)/(1-E30))-1 -> 0.13336793 | F32: =SUM(G32/C6) -> 0.31738397 | G32: =ROUND(G26*E32,2) -> 37.61
B34: VALOR TOTAL ESTIMADO VEICULO | F34: =SUM(F26+F32) -> 2.697383 | G34: =G32+G26 -> 319.63989
B36: *Lucro e Despesas Indiretas = ((1 + Despesas Indiretas) x (1 + Lucro) / (1 - PIS - COFINS)) -1

Sheet Uniformes
B1: UNIFORMES
B3: UNIFORMES
B4: Item | C4: Especificação | D4: Unidade | E4: Quantidade ANUAL por empregado | F4: Preço unt | G4: Total Geral
B5: 1 | C5: Camisa, manga curta, na cor utizada pela empresa | D5: Unidade | E5: 2 | F5: 72.08 | G5: =E5*F5 -> 144.16
B6: 2 | C6: Camisa, manga longa, na cor utilizada pela empresa. | D6: Unidade | E6: 2 | F6: 88.57 | G6: =E6*F6 -> 177.14
B7: 3 | C7: Calçado de segurança preto, em couro, com solado baixo | D7: Par | E7: 2 | F7: 69.91 | G7: =E7*F7 -> 139.82
B8: 4 | C8: Jaqueta corta vento na cor utilizada pela empresa | D8: Unidade | E8: 1 | F8: 126.78 | G8: =E8*F8 -> 126.78
B9: TOTAL ANUAL POR EMPREGADO | G9: =SUM(G5:G8) -> 587.9
B10: RATEIO MENSAL CUSTO UNIFORME | G10: =+G9/10 -> 58.79

Sheet CTG
B2: PLANILHA DE CONTINGENCIAMENTO DOS ENCARGOS TRABALHISTAS*
B3: * Conforme Resolução nº 169/2013 do Conselho Nacional de Justiça - CNJ
B5: ENCARGO | C5: PERCENTUAL
B6: Férias | C6: 0.0909
B7: 1/3 Constitucional | C7: =(1/3)*C6 -> 0.0303
B8: 13º Salário | C8: 0.0909
B9: Subtotal | C9: =SUM(C6:D8) -> 0.2121
C10: Mínimo | D10: Máximo
B11: Encargos Previdenciários/FGTS | C11: 0.343 | D11: 0.398
B12: Incidência dos encargos previdenciários e FGTS sobre férias, 1/3 constitucional e 13º salário* | C12: =TRUNC(C9*C11,4) -> 0.0727 | D12: =C9*D11 -> 0.0844158
B13: Multa do FGTS por dispensa sem justa causa | C13: 0.0347
B14: Total de encargos a contingenciar | C14: =C9+C12+C13 -> 0.3195 | D14: =C9+D12+C13+0.0001 -> 0.3313158
B15: * Variação percentual possível em função do RAT ajustado (RATxFAP)

Sheet Memória
